 Dungeon Sprint DCSS version 0.22-a0-348-gd16d1391c7 (webtiles) character file.

1390 Nordon the Basher (level 8, -2/84 HPs)
             Began as a Gargoyle Fighter on Apr 7, 2018.
             Was a Priest of Okawaru.
             Slain by an orc warrior
             ... wielding a +0 halberd
              (6 damage)
             ... in the Dungeon (Sprint IX: "|||||||||||||||||||||||||||||").
             The game lasted 00:03:53 (341 turns).

Nordon the Basher (Gargoyle Fighter)                 Turns: 341, Time: 00:03:54

Health: -2/84      AC: 24    Str: 29    XL:     8   Next: 68%
Magic:  8/8        EV: 14    Int: 10    God:    Okawaru [***...]
Gold:   0          SH:  0    Dex: 12    Spells: 7/7 levels left

rFire    . . .     SeeInvis .   p - +2 dire flail (protect)
rCold    . . .     Gourm    .   (shield currently unavailable)
rNeg     + . .     Faith    .   s - +2 ring mail
rPois    ∞         Spirit   .   (no helmet)
rElec    +         Reflect  .   q - +0 cloak
rCorr    .         Harm     .   r - +0 pair of gloves
MR       .....     NoTele   +   (no boots)
Stlth    ..........             (no amulet)
HPRegen  0.24/turn              t - +3 ring of dexterity
MPRegen  0.11/turn              u - +3 ring of strength

@: berserking, protection aura, hasted, very quick
A: negative energy resistance 1, electricity resistance, unbreathing,
petrification resistance, rot immunity, AC +5
a: Heroism, Renounce Religion


You were in the Dungeon.
You worshipped Okawaru.
Okawaru was most pleased with you.
You were not hungry.

You visited 1 branch

Inventory:

Hand Weapons
 a - a +0 flail
 p - a +2 dire flail of protection (weapon)
Armour
 b - a +0 scale mail
 c - a +0 shield
 q - a +0 cloak (worn)
 r - a +0 pair of gloves (worn)
 s - a +2 ring mail (worn)
Jewellery
 t - a +3 ring of dexterity (left hand)
 u - a +3 ring of strength (right hand)
Wands
 o - a wand of acid (10)
Scrolls
 k - 2 scrolls of blinking
 m - 3 scrolls of remove curse
 n - 2 scrolls of amnesia
Potions
 d - a potion of invisibility
 e - 5 potions of curing
 g - 3 potions of heal wounds
 i - 4 potions of magic
Comestibles
 f - a ration


   Skills:
 + Level 9.3 Fighting
 * Level 11.1 Maces & Flails
 + Level 9.4 Armour
 + Level 5.4 Dodging
 + Level 9.2 Shields


You had 7 spell levels left.
You didn't know any spells.

Dungeon Overview and Level Annotations

Branches:
Dungeon (1/1)

Altars:
Cheibriados
Dithmenos
Elyvilon
Fedhas
Gozag
Hepliaklqana
Kikubaaqudgha
Makhleb
Nemelex Xobeh
Okawaru
Qazlal
Ru
Sif Muna
Trog
Uskayaw
Vehumet
Wu Jian
Xom
Yredelemnul
Zin
The Shining One
Beogh
Jiyva
Lugonu


Innate Abilities, Weirdness & Mutations

You are resistant to torment.
Your stone body is resilient. (AC +5)
You are immune to poison.
You resist negative energy. (rN+)
You are resistant to electric shocks. (rElec)
You can survive without breathing.
You are immune to petrification.
You are immune to rotting.


Message History

You feel yourself moving faster!
You feel mighty!
The hippogriff bites you but does no damage.
The hippogriff barely misses you.
The hippogriff claws you but does no damage.
You bludgeon the hippogriff!!
The hippogriff is severely wounded.
The orc warrior hits you but does no damage.
You barely miss the hippogriff.
The hippogriff is severely wounded.
The hippogriff barely misses you. The hippogriff pecks you.
* * * LOW HITPOINT WARNING * * *
The hippogriff claws you.
* * * LOW HITPOINT WARNING * * *
You bludgeon the hippogriff!!
You kill the hippogriff!
Okawaru is honoured by your kill.
Okawaru will gift you ammunition as your piety grows.
Your Maces & Flails skill increases to level 11!
The orc warrior hits you from afar with a halberd.
You die...

▓'▓
▓†▓
▓)▓
▓.▓
▓.▓
▓.▓
▓.▓
▓†▓
▓@▓
▓.▓
▓o▓
▓.▓
▓.▓
▓.▓
▓+▓


You could see an orc warrior.

Vanquished Creatures
  An unseen horror (D)
  A slime creature (D)
  2 hippogriffs (D)
  2 ogres (D)
  A bullfrog (D)
  2 crimson imps (D)
  A hound (D)
  A worm (D)
  An orc (D)
  3 bats (D)
  A bat skeleton (D)
  A goblin (D)
  A hobgoblin (D)
  A quokka (D)
  A quokka skeleton (D)
  A quokka zombie (D)
21 creatures vanquished.

Notes
Turn   | Place    | Note
-------+----------+-------------------------------------------
     0 | D        | Nordon the Gargoyle Fighter began the quest for the Orb.
     0 | D        | Reached XP level 1. HP: 14/14 MP: 1/1
    38 | D        | Noticed a hound
    38 | D        | Noticed an ogre
    43 | D        | Reached XP level 2. HP: 20/20 MP: 2/2
    52 | D        | Reached skill level 4 in Maces & Flails
    52 | D        | Reached XP level 3. HP: 20/24 MP: 3/3
    55 | D        | Killed an ogre
    55 | D        | Reached skill level 5 in Fighting
    55 | D        | Reached skill level 5 in Maces & Flails
    55 | D        | Reached skill level 5 in Armour
    55 | D        | Reached skill level 5 in Shields
    55 | D        | Reached XP level 4. HP: 27/32 MP: 4/4
    55 | D        | Reached XP level 5. HP: 31/36 MP: 5/5
    57 | D        | Reached skill level 6 in Maces & Flails
    94 | D        | Found a roughly hewn altar of Beogh.
    94 | D        | Found a snail-covered altar of Cheibriados.
    94 | D        | Found a shadowy altar of Dithmenos.
    94 | D        | Found a white marble altar of Elyvilon.
    94 | D        | Found a blossoming altar of Fedhas.
    94 | D        | Found an opulent altar of Gozag.
    95 | D        | Found a hazy altar of Hepliaklqana.
    96 | D        | Found a viscous altar of Jiyva.
    97 | D        | Found an ancient bone altar of Kikubaaqudgha.
    98 | D        | Found a corrupted altar of Lugonu.
    99 | D        | Found a burning altar of Makhleb.
   100 | D        | Found a sparkling altar of Nemelex Xobeh.
   101 | D        | Found an iron altar of Okawaru.
   102 | D        | Found a stormy altar of Qazlal.
   103 | D        | Found a sacrificial altar of Ru.
   104 | D        | Found a deep blue altar of Sif Muna.
   105 | D        | Found a bloodstained altar of Trog.
   106 | D        | Found a hide-covered altar of Uskayaw.
   109 | D        | Found a radiant altar of Vehumet.
   110 | D        | Found an ornate altar of the Wu Jian Council.
   111 | D        | Found a shimmering altar of Xom.
   112 | D        | Found a basalt altar of Yredelemnul.
   113 | D        | Found a glowing silver altar of Zin.
   114 | D        | Found a glowing golden altar of the Shining One.
   137 | D        | Became a worshipper of Warmaster Okawaru
   197 | D        | Noticed an ogre
   207 | D        | Killed an ogre
   207 | D        | Reached skill level 7 in Maces & Flails
   214 | D        | Reached * piety under Okawaru
   214 | D        | Reached XP level 6. HP: 30/42 MP: 6/6
   221 | D        | Reached skill level 8 in Maces & Flails
   300 | D        | Noticed a hippogriff
   300 | D        | Noticed a slime creature
   300 | D        | Noticed a hippogriff
   300 | D        | Noticed an orc warrior
   306 | D        | Killed a hippogriff
   306 | D        | Reached skill level 9 in Maces & Flails
   306 | D        | Reached XP level 7. HP: 48/48 MP: 7/7
   322 | D        | Killed an unseen horror
   322 | D        | Reached ** piety under Okawaru
   322 | D        | Reached skill level 10 in Maces & Flails
   322 | D        | Reached XP level 8. HP: 45/56 MP: 8/8
   333 | D        | Killed a slime creature
   333 | D        | Reached skill level 5 in Dodging
   340 | D        | HP: 4/84 [hippogriff (1)]
   341 | D        | Killed a hippogriff
   341 | D        | Reached *** piety under Okawaru
   341 | D        | Reached skill level 11 in Maces & Flails
   341 | D        | Slain by an orc warrior

Vault maps used:
D:        linesprint

Skill      XL: |  1  2  3  4  5  6  7  8 |
---------------+-------------------------+-----
Fighting       | 4 5 6 7 8 9 |  9.3
Armour         | 4 5 6 7 9 |  9.4
Maces & Flails | 4 5 7 9 10 11 | 11.1
Shields        | 4 5 6 7 8 9 |  9.2
Dodging        | 2 3 4 5 |  5.4

Action                   |  1- 3 |  4- 6 |  7- 9 || total
-------------------------+-------+-------+-------++-------
Melee: Flail             |    35 |     2 |       ||    37
       Dire flail        |       |    25 |    31 ||    56
  Use: Potion            |     1 |       |     2 ||     3
Armor: Scale mail        |    18 |     1 |       ||    19
       Ring mail         |       |    20 |    27 ||    47
Dodge: Dodged            |    13 |    16 |    11 ||    40
Block: Shield            |    18 |       |       ||    18

Table legend:
 A = Spawn XP
 B = Non-spawn XP
 C = Spawn XP percentage of total XP
 D = Spawn monster count
 E = Non-spawn monster count
 F = Spawn count percentage of total count
 G = Total turns spent on level
                    A         B        C        D         E        F      G
               +---------+---------+-------+---------+---------+-------+---------
         Total |       0 |    1987 |   0.0 |       0 |      21 |   0.0 |   341
               +---------+---------+-------+---------+---------+-------+---------
             D |       0 |    1987 |   0.0 |       0 |      21 |   0.0 |   341
               +---------+---------+-------+---------+---------+-------+---------
